 Dungeon Crawl Stone Soup version 0.17-a0-2171-ga91b4ec (webtiles) character file.

32 M4edhros the Charlatan (level 3, -3/23 HPs)
             Began as an Octopode Artificer on Oct 25, 2015.
             Slain by an orc priest
             ... wielding a +0 mace
              (10 damage)
             ... on level 3 of the Dungeon.
             The game lasted 00:00:59 (608 turns).

M4edhros the Charlatan (Octopode Artificer)          Turns: 608, Time: 00:00:59

Health: -3/23      AC:  1    Str: 10    XL:     3   Next: 25%
Magic:  6/6        EV:  9    Int: 14    God:
Gold:   42         SH:  6    Dex: 13    Spells: 0 memorised, 2 levels left

rFire  + . .     SeeInvis .     h - +0 dagger (venom)
rCold  . . .     Clarity  .     k - +0 shield
rNeg   . . .     SustAt   .     (helmet restricted)
rPois  .         Gourm    .     (no amulet)
rElec  .         Spirit   .     o - ring of protection from fire
rCorr  .         Warding  .     (no ring)
rMut   .         Stasis   .     (no ring)
MR     .....                    (no ring)
Stlth  +++.......               (no ring)
                                (no ring)
                                (no ring)
                                (no ring)

@: not resistant to hostile enchantments, fairly stealthy
A: almost no armour, amphibious, 8 rings, constrict 8, camouflage 1, gelatinous
body 1
a: no special abilities


You were on level 3 of the Dungeon.
You were not hungry.

You visited 1 branch of the dungeon, and saw 3 of its levels.

You collected 42 gold pieces.

Inventory:

Hand Weapons
 a - a +0 short sword
 h - a +0 dagger of venom (weapon)
 l - a cursed -3 dagger
Armour
 k - a +0 shield (worn)
Jewellery
 o - a ring of protection from fire (left tentacle)
Wands
 b - a wand of flame (15)
 c - a wand of enslavement (13)
 d - a wand of random effects (15)
Scrolls
 i - a scroll of identify {unknown}
 j - a scroll of recharging {unknown}
 n - a scroll of enchant armour {unknown}
Potions
 g - 2 potions of curing {unknown}
 m - a potion of heal wounds {unknown}
Comestibles
 e - 2 bread rations
 f - a meat ration


   Skills:
 - Level 1.0 Fighting
 - Level 1.0 Short Blades
 - Level 2.0 Dodging
 + Level 3.2 Stealth
 + Level 4.1 Evocations


You had 2 spell levels left.
You didn't know any spells.

Dungeon Overview and Level Annotations

Branches:
Dungeon (3/15)

Altars:


Innate Abilities, Weirdness & Mutations

You cannot wear most types of armour.
You are amphibious.
You can wear up to eight rings at the same time.
You can use your tentacles to constrict eight enemies at once.
Your skin changes colour to match your surroundings (Stealth).
Your rubbery body absorbs attacks (AC +1).


Message History

Okay, then.
You hit the orc but do no damage.
The orc is poisoned.
You grab the orc.
You constrict the orc, but do no damage.
The orc misses you.
You hit the orc.
You kill the orc!
Evoke which item? (* to show all) (? for menu, Esc to quit)
Zapping:
c - a wand of enslavement (15)
Press: ? - help, Shift-Dir - straight line, f - orc priest
Aim: an orc priest, wielding a mace and wearing a leather armour (chance to defeat MR: 54%)
The orc priest resists with significant effort.
This wand has 14 charges left.
The orc priest barely misses you.
Evoke which item? (* to show all) (? for menu, Esc to quit)
Zapping:
c - a wand of enslavement (14)
Press: ? - help, Shift-Dir - straight line, f/p - orc priest
Aim: an orc priest, wielding a mace and wearing a leather armour (chance to defeat MR: 54%)
The orc priest resists with significant effort.
This wand has 13 charges left.
The orc priest hits you with a whip. The orc priest hits you with a mace!
You die...

....##
##..#....)..)#
#.# ...##
##.#......### #.#
#...#
#.#.####.#.####.#
+...+
#.#.####.#.##...#
#...#
#.........>##.###
#........#....#
#.#......######
#.#...<..#
#.#@.....#
#.#oo....#
#.#.....##
#..####.# #..# .#
#... .# #.#.# '#
#. .o ## #..


You could see 2 orc priests.

Vanquished Creatures
  An adder (D:3)
  A giant gecko (D:3)
  2 orcs (D:3)
  5 bats
  A giant cockroach (D:2)
  3 goblins
  3 hobgoblins
  A kobold (D:3)
  2 rats (D:1)
19 creatures vanquished.

Notes
Turn   | Place    | Note
--------------------------------------------------------------
     0 | D:1      | M4edhros the Octopode Artificer began the quest for the Orb.
     0 | D:1      | Reached XP level 1. HP: 13/13 MP: 3/3
   401 | D:2      | Reached XP level 2. HP: 16/18 MP: 4/4
   555 | D:3      | Reached skill level 4 in Evocations
   558 | D:3      | Reached XP level 3. HP: 17/23 MP: 4/6
   608 | D:3      | Slain by an orc priest

Vault maps used:
D:1:      roderic_chinese_lattice_arrival
D:2:      nicolae_gozag_zags_fifth_avenue
D:3:      kennysheep_six_static_rooms, lemuel_crystal_altar,
          overflow_temple_1_default

Action                   || total
-------------------------++-------
Melee: Dagger            ||    41
       Short sword       ||     4
Evoke: Wand              ||     2
 Stab: Sleeping          ||     4
